 Dungeon Crawl Stone Soup version 0.31.0-12-g77e489cdc1 (webtiles) character file.

Game seed: 7521417379707073734

72 jagang the Slasher (level 4, -2/36 HPs)
             Began as a Human Monk on Mar 5, 2024.
             Slain by Crazy Yiuf
             ... wielding a +3 quarterstaff of chaos
              (3 damage)
             ... on level 3 of the Dungeon.
             The game lasted 00:03:05 (1602 turns).

jagang the Slasher (Human Monk)                     Turns: 1602, Time: 00:03:06

Health: -2/36      AC:  5    Str: 12    XL:     4   Next: 26%
Magic:  4/4        EV: 11    Int: 10    God:
Gold:   100        SH:  0    Dex: 17    Spells: 3/3 levels left

rFire   . . .        a - +0 falchion
rCold   . . .        d - orb {light}
rNeg    . . .        k - +0 ring mail
rPois   .            (no helmet)
rElec   .            n - scarf {shadows}
rCorr   .            (no gloves)
SInv    .            (no boots)
Will    .....        (no amulet)
Stlth   +            (no ring)
HPRegen 0.26/turn    (no ring)
MPRegen 0.09/turn

%: no passive effects
@: glowing
A: explore regen
a: no special abilities


You were on level 3 of the Dungeon.
You visited 1 branch of the dungeon, and saw 3 of its levels.

You collected 100 gold pieces.

Inventory:

Hand Weapons
 a - a +0 falchion (weapon)
Missiles
 e - 6 poisoned darts (quivered)
Armour
 d - an orb of light (worn)
 k - a +0 ring mail (worn)
 n - a scarf of shadows (worn)
Scrolls
 b - 2 scrolls of amnesia
 g - a scroll of teleportation
 h - 2 scrolls of blinking
 i - a scroll of identify
 m - a scroll of torment {unknown}
Potions
 c - 3 potions of ambrosia
 f - a potion of might {unknown}
 j - a potion of invisibility {unknown}
 l - a potion of degeneration {unknown}


   Skills:
 + Level 3.6 Fighting
 * Level 4.1 Long Blades
 + Level 1.5 Armour
 - Level 3.0 Dodging


You had 3 spell levels left.
You didn't know any spells.
Your spell library was empty.

Dungeon Overview and Level Annotations

Branches:
Dungeon (3/15)

Altars:

Shops:
D:2 :

Annotations:
D:3 Crazy Yiuf


Innate Abilities, Weirdness & Mutations

You regain HP and MP as you explore.


Message History

The ribbon worm is heavily wounded.
The ribbon worm expels a string of sticky webbing.
The stream of webbing hits you but does no damage.
You are caught in a web!
You are caught in a web!
You are caught in a web!
You are caught in a web!
Unknown command.
The web tears apart.
The ribbon worm bites you but does no damage.
You hit the ribbon worm but do no damage.
The ribbon worm is heavily wounded.
The ribbon worm bites you.
You slash the ribbon worm!
The ribbon worm is severely wounded.
The ribbon worm bites you but does no damage.
You slash the ribbon worm!
You kill the ribbon worm!
You now have 100 gold pieces (gained 17).
Found a runed translucent door.
Found a hammer.
Crazy Yiuf says, "Millenium!"
You open the door. You hit Crazy Yiuf.
Crazy Yiuf is moderately wounded.
Crazy Yiuf waves his quarterstaff at you.
Crazy Yiuf hits you with a +3 quarterstaff of chaos!
You are electrocuted!!
Ouch! That really hurt!
* * * LOW HITPOINT WARNING * * *
You slash Crazy Yiuf!
Crazy Yiuf is severely wounded.
Crazy Yiuf hits you with a +3 quarterstaff of chaos.
* * * LOW HITPOINT WARNING * * *
Crazy Yiuf burns you.
* * * LOW HITPOINT WARNING * * *
You hit Crazy Yiuf.
Crazy Yiuf is almost dead.
Crazy Yiuf hits you with a +3 quarterstaff of chaos.
You die...

....###.#
. .####
#.# ##
#.# # #.#
##### #.#
#)..# #.#
#...# #.#
... #.#
#g# #.#
♣@♣♣ ♣♣.♣
♣.♣♣ ♣♣.♣
♣♣.♣♣
♣♣P..♣
♣.P..♣
#....#
#....#


You could see Crazy Yiuf.

Vanquished Creatures
  2 dart slugs
  3 ribbon worms
  4 orcs (D:3)
  3 bats
  5 endoplasms
  2 giant cockroaches
  4 goblins
  6 hobgoblins
  8 kobolds
  2 quokkas
  9 ball pythons
  A frilled lizard (D:2)
  5 rats
54 creatures vanquished.

Notes
Turn   | Place    | Note
-------+----------+-------------------------------------------
     0 | D:1      | jagang the Human Monk began the quest for the Orb.
     0 | D:1      | Reached XP level 1. HP: 18/18 MP: 1/1
   150 | D:1      | Reached XP level 2. HP: 10/24 MP: 2/2
   471 | D:1      | Reached skill level 1 in Armour
   726 | D:2      | Reached XP level 3. HP: 29/29 MP: 3/3
  1230 | D:2      | Found Loan's Book Shop.
  1323 | D:3      | Reached XP level 4. HP: 35/35 MP: 4/4
  1346 | D:3      | Reached skill level 4 in Long Blades
  1595 | D:3      | Found a runed translucent door.
  1596 | D:3      | Noticed Crazy Yiuf
  1601 | D:3      | HP: 1/36 [Crazy Yiuf/+3 quarterstaff of chaos (1)]
  1602 | D:3      | Slain by Crazy Yiuf

Illustrated notes

Levels and vault maps discovered:
D:1:      saegor_arrival_under_anarchy, layout_basic
D:2:      layout_rooms, serial_shops, shop_statue, kennysheep_generic_room_3
D:3:      layout_loops_ring, dreamdust_ecumenical_altar_angels_and_demons,
          minmay_fractal_squares_gapless_5, uniq_crazy_yiuf_cottage

Skill      XL: |  1  2  3  4 |
---------------+-------------+-----
Armour         | 1 |  1.5
Long Blades    | 4 |  4.1
Fighting       | |  3.6
Dodging        | |  3.0

Action                     |  1- 3 |  4- 6 || total
---------------------------+-------+-------++-------
  Melee: Falchion          |   100 |    26 ||   126
    Use: Scroll            |     3 |       ||     3
 Armour: Robe              |    11 |       ||    11
         Leather armour    |     6 |       ||     6
         Ring mail         |    41 |    18 ||    59
  Dodge: Dodged            |    81 |    12 ||    93
